Red Wings vs Blackhawks
(R2)
Created - 18 avril 2015 at 19:19
Goals
|
| Red Wings |
3 |
1 |
1 |
5 |
| Blackhawks |
1 |
0 |
0 |
1 |
|
Shots
|
| Red Wings |
15 |
11 |
10 |
36 |
| Blackhawks |
11 |
10 |
10 |
31 |
|
1st period
1. Blackhawks , Kris Versteeg 2 (Scott Gomez, Sheldon Keefe) at 12:27
2. Red Wings , Teemu Selanne 1 (Shawn Horcoff, Sean Bergenheim) at 16:39
3. Red Wings , Rick Nash 1 (Martin Havlat) at 17:33
4. Red Wings , Sean Bergenheim 2 (Christian Backman, Shawn Horcoff) at 19:55
Penalties :
Robert Nilsson (Chi) for Holding Stick (Minor) at 0:51, Sean Bergenheim (Det) for Hooking (Minor) at 5:45, Kris Versteeg (Chi) for Interference (Minor) at 10:17, Teemu Selanne (Det) for Interference (Minor) at 13:06
2nd period
5. Red Wings , Teemu Selanne 2 (Shea Weber) at 7:58
Penalties :
Rick Nash (Det) for Slashing (Minor) at 0:48, Christian Backman (Det) for Elbowing (Minor) at 3:35, John Carlson (Chi) for Hooking (Minor) at 10:44, Scott Gomez (Chi) for Hooking (Minor) at 14:43
3rd period
6. Red Wings , Mike Brown 2 (Brian Sutherby, Robert Dome) at 9:34
Penalties :
Jeff Schultz (Chi) for Fighting (Major) at 10:29, Shea Weber (Det) for Fighting (Major) at 10:29, Chris Campoli (Chi) for Fighting (Major) at 11:23, Martin Havlat (Det) for Fighting (Major) at 11:23, John Carlson (Chi) for Hooking (Minor) at 13:11, Henrik Zetterberg (Chi) for Fighting (Major) at 15:22, Teemu Selanne (Det) for Fighting (Major) at 15:22, Kris Versteeg (Chi) for Tripping (Minor) at 18:19
Goalie Stats
Jonathan Quick (Det), 30 saves from 31 shots - (0,968), W, 2-1-0, 60:00 minutes
Jocelyn Thibault (Chi), 17 saves from 18 shots - (0,944), 32:02 minutes
Roberto Luongo (Chi), 14 saves from 18 shots - (0,778), L, 1-2-0, 27:58 minutes
Players Stats for Red Wings
Player Name G A P +/- PIM S H SB GA TA FO MP PP MP PK MP
------------------------------------------------------------------------------------
Brian Sutherby 0 1 1 1 0 1 1 0 0 1 3/7 8:31 0:03 0:57
Christian Backman 0 1 1 1 2 1 0 0 0 0 0/0 13:24 1:36 2:39
Christian Laflamme 0 0 0 1 0 0 0 0 1 0 0/0 12:02 0:52 3:31
Lee Stempniak 0 0 0 -1 0 0 1 0 1 0 0/0 8:11 2:51 0:00
Martin Havlat 0 1 1 1 5 3 0 0 0 0 2/2 16:17 5:23 0:00
Maxim Kondratiev 0 0 0 2 0 2 0 1 0 0 0/0 21:23 4:31 0:52
Michal Grosek 0 0 0 -1 0 0 1 0 0 0 0/0 7:54 0:03 3:22
Mike Brown 1 0 1 1 0 4 3 1 0 0 0/0 8:03 0:00 0:00
Mike Richards 0 0 0 1 0 5 1 1 0 0 17/29 22:06 7:22 3:39
Nate Thompson 0 0 0 -1 0 0 0 0 0 0 0/0 7:07 0:00 2:15
Paul Martin 0 0 0 1 0 0 2 0 0 0 0/0 29:14 6:12 4:25
Richard Jackman 0 0 0 2 0 1 1 3 0 0 0/0 17:40 4:31 0:00
Rick Nash 1 0 1 1 2 4 0 1 1 1 2/3 22:09 7:22 3:13
Robert Dome 0 1 1 1 0 0 0 0 0 0 0/0 7:59 0:00 0:31
Sean Bergenheim 1 1 2 3 2 3 2 0 0 2 0/1 21:09 4:10 0:00
Shawn Horcoff 0 2 2 3 0 5 2 0 2 0 17/34 23:06 4:10 1:55
Shea Weber 0 1 1 1 5 3 1 3 1 1 0/0 26:42 5:28 4:25
Teemu Selanne 2 0 2 3 7 4 3 0 2 0 1/1 19:00 3:21 0:00
Players Stats for Blackhawks
Player Name G A P +/- PIM S H SB GA TA FO MP PP MP PK MP
------------------------------------------------------------------------------------
Chris Campoli 0 0 0 1 5 2 1 0 0 1 0/0 18:34 3:14 3:55
Chris Higgins 0 0 0 -1 0 3 3 0 1 0 0/0 13:11 3:53 1:56
Daniel Carcillo 0 0 0 -1 0 0 0 0 0 1 0/0 6:25 0:12 0:08
Dominic Moore 0 0 0 -1 0 1 1 0 1 2 8/18 13:52 0:12 6:09
George Parros 0 0 0 -1 0 0 0 0 0 0 0/0 5:54 0:00 0:00
Henrik Zetterberg 0 0 0 -3 5 1 0 1 0 0 0/0 19:06 3:51 0:00
Jamie Langenbrunner 0 0 0 0 0 0 0 0 0 0 2/4 21:15 3:53 6:13
Jeff Schultz 0 0 0 0 5 0 1 1 0 0 0/0 17:12 0:21 5:41
John Carlson 0 0 0 -1 4 2 0 0 0 0 0/0 14:38 4:21 0:00
Johnny Oduya 0 0 0 -3 0 2 1 5 2 0 0/0 29:23 4:42 5:02
Kris Versteeg 1 0 1 1 4 2 2 0 1 1 0/1 15:00 4:03 0:00
Niclas Wallin 0 0 0 -1 0 0 0 0 0 2 0/0 10:08 0:00 1:03
Oleg Kvasha 0 0 0 -1 0 2 1 0 0 0 0/3 8:55 0:00 2:16
Robert Nilsson 0 0 0 -3 2 9 1 0 0 0 20/33 19:56 3:51 0:07
Scott Gomez 0 1 1 1 2 2 0 0 0 0 5/16 19:09 3:53 3:03
Sheldon Keefe 0 1 1 0 0 1 1 1 0 0 0/0 10:05 0:00 3:51
Steve Bernier 0 0 0 -3 0 2 0 0 0 0 0/2 15:58 0:00 0:00
Steve McCarthy 0 0 0 -4 0 2 3 2 0 1 0/0 29:35 3:14 6:56
3 Stars
1 - Sean Bergenheim (Det)
2 - Jonathan Quick (Det)
3 - Shawn Horcoff (Det)
Power Play
Red Wings - 0 on 6 Attempt(s) - 0,00%
Blackhawks - 0 on 4 Attempt(s) - 0,00%
Penalty Kill
Red Wings - 4 on 4 Attempt(s) - 100,00%
- Score 0 goal in Penalty Kill
Blackhawks - 6 on 6 Attempt(s) - 100,00%
- Score 0 goal in Penalty Kill
Team Stat
Red Wings - Hits : 18 - Faceoff Wins : 42 - Blocked Shots : 10 - Penalty Minutes : 23
Blackhawks - Hits : 15 - Faceoff Wins : 35 - Blocked Shots : 10 - Penalty Minutes : 27
Official
Referees : Martell Rob and O'Halloran Dan
Linesman : Mark Pare and Lyle Seitz
Game Notes
Jocelyn Thibault enters game at 7:58 of 2nd period
Jeff Schultz beats up Shea Weber at 10:29 of 3rd period
Martin Havlat beats up Chris Campoli at 11:23 of 3rd period
Henrik Zetterberg and Teemu Selanne fight to a draw at 15:22 of 3rd period
Finance
Level 1 -- Attendance: 6000 (100,00%) -- Ticket Income 528 000 $
Level 2 -- Attendance: 5000 (100,00%) -- Ticket Income 265 000 $
Level 3 -- Attendance: 1697 (84,85%) -- Ticket Income 57 698 $
Level 4 -- Attendance: 3978 (99,45%) -- Ticket Income 87 516 $
Luxury Box -- Attendance: 1000 (100,00%) -- Ticket Income 165 000 $
Game was played at the Chicago Stadium'
Total Attendance: 17675 (98,19%)
Total Ticket Income: 1 103 214 $
Other Income: 165 482 $
Total Income: 1 268 696 $
Red Wings
5 vs 5 Forward
Center Left Wing Right Wing Time % Phy DF OF
1 Shawn Horcoff Sean Bergenheim Teemu Selanne 40 1 2 2
2 Mike Richards Rick Nash Martin Havlat 30 1 2 2
3 Brian Sutherby Robert Dome Mike Brown 17 1 2 2
4 Nate Thompson Michal Grosek Lee Stempniak 13 1 2 2
5 vs 5 Defense
Defense Defense Time % Phy DF OF
1 Shea Weber Paul Martin 40 1 2 2
2 Richard Jackman Maxim Kondratiev 30 1 2 2
3 Christian Backman Christian Laflamme 20 1 2 2
4 Christian Backman Shea Weber 10 1 2 2
PowerPlay Forward
Center Left Wing Right Wing Time % Phy DF OF
1 Mike Richards Rick Nash Martin Havlat 60 1 2 2
2 Shawn Horcoff Sean Bergenheim Teemu Selanne 40 1 2 2
PowerPlay Defense
Defense Defense Time % Phy DF OF
1 Shea Weber Paul Martin 60 1 2 2
2 Richard Jackman Maxim Kondratiev 40 1 2 2
Penalty Kill 4 Players Forward
Center Wing Time % Phy DF OF
1 Mike Richards Rick Nash 60 1 2 2
2 Shawn Horcoff Michal Grosek 40 1 2 2
Penalty Kill 4 Players Defense
Defense Defense Time % Phy DF OF
1 Shea Weber Paul Martin 60 1 2 2
2 Christian Laflamme Christian Backman 40 1 2 2
Penalty Kill - 3 Players Forward
Forward Time % Phy DF OF
1 Mike Richards 60 1 2 2
2 Shawn Horcoff 40 1 2 2
Penalty Kill - 3 Players Defense
Defense Defense Time % Phy DF OF
1 Shea Weber Paul Martin 60 1 2 2
2 Christian Laflamme Christian Backman 40 1 2 2
4 vs 4 Forward
Center Wing Time % Phy DF OF
1 Mike Richards Rick Nash 60 1 2 2
2 Shawn Horcoff Martin Havlat 40 1 2 2
4 vs 4 Defense
Defense Defense Time % Phy DF OF
1 Shea Weber Paul Martin 60 1 2 2
2 Richard Jackman Maxim Kondratiev 40 1 2 2
Last Minutes Offensive
Center Left Wing Right Wing Defense Defense
Mike Richards Rick Nash Martin Havlat Shea Weber Paul Martin
Last Minutes Defensive
Center Left Wing Right Wing Defense Defense
Mike Richards Rick Nash Martin Havlat Shea Weber Paul Martin
Goaltenders
Starting : Jonathan Quick
Backup : Scott Clemmensen
Extra Forwards
Normal : Shawn Horcoff, Sean Bergenheim, Teemu Selanne - PP : Shawn Horcoff, Sean Bergenheim - PK : Nate Thompson
Extra Defensemen
Normal : Maxim Kondratiev, Christian Laflamme, Christian Backman - PP : Maxim Kondratiev - PK : Christian Laflamme, Christian Backman
Penalty Shots
Nate Thompson, Rick Nash, Mike Richards, Martin Havlat, Shawn Horcoff
Blackhawks
5 vs 5 Forward
Center Left Wing Right Wing Time % Phy DF OF
1 Robert Nilsson Henrik Zetterberg Steve Bernier 40 1 2 2
2 Scott Gomez Kris Versteeg Jamie Langenbrunner 30 1 2 2
3 Dominic Moore Chris Higgins George Parros 20 1 2 2
4 Oleg Kvasha Daniel Carcillo Sheldon Keefe 10 1 2 2
5 vs 5 Defense
Defense Defense Time % Phy DF OF
1 Johnny Oduya Steve McCarthy 40 1 2 2
2 Jeff Schultz Chris Campoli 30 1 2 2
3 John Carlson Niclas Wallin 20 1 2 2
4 Johnny Oduya Steve McCarthy 10 1 2 2
PowerPlay Forward
Center Left Wing Right Wing Time % Phy DF OF
1 Robert Nilsson Henrik Zetterberg Kris Versteeg 60 1 2 2
2 Scott Gomez Chris Higgins Jamie Langenbrunner 40 1 2 2
PowerPlay Defense
Defense Defense Time % Phy DF OF
1 Johnny Oduya John Carlson 60 1 2 2
2 Steve McCarthy Chris Campoli 40 1 2 2
Penalty Kill 4 Players Forward
Center Wing Time % Phy DF OF
1 Dominic Moore Jamie Langenbrunner 60 1 2 2
2 Scott Gomez Sheldon Keefe 40 1 2 2
Penalty Kill 4 Players Defense
Defense Defense Time % Phy DF OF
1 Jeff Schultz Steve McCarthy 60 1 2 2
2 Johnny Oduya Chris Campoli 40 1 2 2
Penalty Kill - 3 Players Forward
Forward Time % Phy DF OF
1 Henrik Zetterberg 60 1 2 2
2 Robert Nilsson 40 1 2 2
Penalty Kill - 3 Players Defense
Defense Defense Time % Phy DF OF
1 Johnny Oduya Steve McCarthy 60 1 2 2
2 Jeff Schultz Chris Campoli 40 1 2 2
4 vs 4 Forward
Center Wing Time % Phy DF OF
1 Robert Nilsson Henrik Zetterberg 60 1 2 2
2 Scott Gomez Kris Versteeg 40 1 2 2
4 vs 4 Defense
Defense Defense Time % Phy DF OF
1 Johnny Oduya Steve McCarthy 60 1 2 2
2 Jeff Schultz Chris Campoli 40 1 2 2
Last Minutes Offensive
Center Left Wing Right Wing Defense Defense
Robert Nilsson Henrik Zetterberg George Parros Johnny Oduya Steve McCarthy
Last Minutes Defensive
Center Left Wing Right Wing Defense Defense
Robert Nilsson Henrik Zetterberg George Parros Johnny Oduya Steve McCarthy
Goaltenders
Starting : Roberto Luongo
Backup : Jocelyn Thibault
Extra Forwards
Normal : Dominic Moore, Chris Higgins, Oleg Kvasha - PP : Dominic Moore, Chris Higgins - PK : Oleg Kvasha
Extra Defensemen
Normal : John Carlson, Niclas Wallin, Jeff Schultz - PP : John Carlson - PK : Niclas Wallin, Jeff Schultz
Penalty Shots
Henrik Zetterberg, Robert Nilsson, Kris Versteeg, George Parros, Scott Gomez
% Time on Ice - Red Wings
Lines # - Real PCT - Wanted PCT - Time Play
Normal Forward
1 - 43% - 40% - 17:24
2 - 28% - 30% - 11:12
3 - 18% - 17% - 7:28
4 - 11% - 13% - 4:25
Normal Defense
1 - 46% - 40% - 18:40
2 - 32% - 30% - 13:09
3 - 18% - 20% - 7:29
4 - 3% - 10% - 1:11
PP Forward
1 - 64% - 60% - 7:25
2 - 36% - 40% - 4:10
PP Defense
1 - 61% - 60% - 7:04
2 - 39% - 40% - 4:31
PK Forward
1 - 76% - 60% - 6:01
2 - 24% - 40% - 1:55
PK Defense
1 - 56% - 60% - 4:25
2 - 44% - 40% - 3:31
PK3 Forward
1 - 0% - 60%
2 - 0% - 40%
PK3 Defense
1 - 0% - 60%
2 - 0% - 40%
44 Forward
1 - 0% - 60%
2 - 0% - 40%
44 Defense
1 - 0% - 60%
2 - 0% - 40%
Last Minute Offensive - 0:00
Last Minute Defensive - 0:00
Total
Forward - 60:00
Defense - 60:00
|
% Time on Ice - Blackhawks
Lines # - Real PCT - Wanted PCT - Time Play
Normal Forward
1 - 43% - 40% - 17:19
2 - 28% - 30% - 11:14
3 - 15% - 20% - 5:54
4 - 15% - 10% - 6:02
Normal Defense
1 - 46% - 40% - 18:44
2 - 31% - 30% - 12:32
3 - 21% - 20% - 8:30
4 - 2% - 10% - 0:43
PP Forward
1 - 51% - 60% - 4:03
2 - 49% - 40% - 3:53
PP Defense
1 - 59% - 60% - 4:42
2 - 41% - 40% - 3:14
PK Forward
1 - 67% - 60% - 7:44
2 - 33% - 40% - 3:51
PK Defense
1 - 65% - 60% - 7:29
2 - 35% - 40% - 4:06
PK3 Forward
1 - 0% - 60%
2 - 0% - 40%
PK3 Defense
1 - 0% - 60%
2 - 0% - 40%
44 Forward
1 - 0% - 60%
2 - 0% - 40%
44 Defense
1 - 0% - 60%
2 - 0% - 40%
Last Minute Offensive - 0:00
Last Minute Defensive - 0:00
Total
Forward - 60:00
Defense - 60:00
|
Play by Play
1st period
0:01 of 1st period - Shawn Horcoff wins face-off versus Robert Nilsson in neutral zone.
0:11 of 1st period - Johnny Oduya is hit by Shawn Horcoff and loses puck.
0:51 of 1st period - Minor Penalty to Robert Nilsson for Holding Stick.
0:52 of 1st period - Dominic Moore wins face-off versus Mike Richards in Blackhawks zone.
1:03 of 1st period - Snap shot by Rick Nash.
1:03 of 1st period - Shot Misses the Net.
1:19 of 1st period - Shawn Horcoff is hit by Jeff Schultz and loses puck.
1:30 of 1st period - Jeff Schultz is hit by Teemu Selanne and loses puck.
2:51 of 1st period - Penalty to Robert Nilsson is over, Robert Nilsson is back on ice.
3:06 of 1st period - Slapshot by Richard Jackman.
3:06 of 1st period - Shot Blocked by Henrik Zetterberg.
3:32 of 1st period - Niclas Wallin is hit by Mike Brown and loses puck.
5:04 of 1st period - Jeff Schultz is hit by Mike Brown and loses puck.
5:23 of 1st period - Nate Thompson is hit by Kris Versteeg and loses puck.
5:42 of 1st period - Snap shot by Oleg Kvasha.
5:42 of 1st period - Deflect By Christian Laflamme.
5:42 of 1st period - Stopped by Jonathan Quick without a rebound.
5:43 of 1st period - Shawn Horcoff wins face-off versus Dominic Moore in Red Wings zone.
5:45 of 1st period - Minor Penalty to Sean Bergenheim for Hooking.
5:46 of 1st period - Robert Nilsson wins face-off versus Mike Richards in Red Wings zone.
5:58 of 1st period - Slapshot by Kris Versteeg.
5:58 of 1st period - Shot Blocked by Rick Nash.
7:45 of 1st period - Penalty to Sean Bergenheim is over, Sean Bergenheim is back on ice.
7:59 of 1st period - Wrist shot by Robert Dome.
7:59 of 1st period - Deflect By John Carlson.
7:59 of 1st period - Shot Misses the Net.
7:59 of 1st period - Puck is out of play.
8:00 of 1st period - Brian Sutherby wins face-off versus Oleg Kvasha in Blackhawks zone.
8:17 of 1st period - Snap shot by Sheldon Keefe.
8:17 of 1st period - Shot Misses the Net.
8:19 of 1st period - Slapshot by John Carlson.
8:19 of 1st period - Stopped by Jonathan Quick without a rebound.
8:20 of 1st period - Robert Nilsson wins face-off versus Shawn Horcoff in Red Wings zone.
8:23 of 1st period - Wrist shot by Robert Nilsson.
8:23 of 1st period - Shot Misses the Net.
8:25 of 1st period - Snap shot by Johnny Oduya.
8:25 of 1st period - Deflect By Steve Bernier.
8:25 of 1st period - Stopped by Jonathan Quick without a rebound.
8:26 of 1st period - Robert Nilsson wins face-off versus Shawn Horcoff in Red Wings zone.
8:33 of 1st period - Wrist shot by Robert Nilsson.
8:33 of 1st period - Stopped by Jonathan Quick with a rebound.
9:51 of 1st period - Brian Sutherby is hit by Chris Campoli and loses puck.
10:17 of 1st period - Minor Penalty to Kris Versteeg for Interference.
10:18 of 1st period - Mike Richards wins face-off versus Dominic Moore in Blackhawks zone.
10:21 of 1st period - Wrist shot by Martin Havlat.
10:21 of 1st period - Shot Misses the Net.
10:23 of 1st period - Backhand shot by Mike Richards.
10:23 of 1st period - Shot Blocked by Steve McCarthy.
10:25 of 1st period - Slapshot by Shea Weber.
10:25 of 1st period - Deflect By Jamie Langenbrunner.
10:25 of 1st period - Stopped by Roberto Luongo without a rebound.
10:26 of 1st period - Dominic Moore wins face-off versus Mike Richards in Blackhawks zone.
10:33 of 1st period - Snap shot by Mike Richards.
10:33 of 1st period - Stopped by Roberto Luongo with a rebound.
10:35 of 1st period - Slapshot by Paul Martin.
10:35 of 1st period - Shot Misses the Net.
10:37 of 1st period - Wrist shot by Mike Richards.
10:37 of 1st period - Stopped by Roberto Luongo with a rebound.
10:39 of 1st period - Slapshot by Shea Weber.
10:39 of 1st period - Deflect By Dominic Moore.
10:39 of 1st period - Stopped by Roberto Luongo without a rebound.
10:40 of 1st period - Jamie Langenbrunner wins face-off versus Mike Richards in Blackhawks zone.
12:17 of 1st period - Penalty to Kris Versteeg is over, Kris Versteeg is back on ice.
12:25 of 1st period - Wrist shot by Kris Versteeg.
12:25 of 1st period - Stopped by Jonathan Quick with a rebound.
12:27 of 1st period - Wrist shot by Kris Versteeg.
12:27 of 1st period - Goal by Kris Versteeg - Red Wings : 0 - Blackhawks : 1.
12:28 of 1st period - Shawn Horcoff wins face-off versus Robert Nilsson in neutral zone.
12:37 of 1st period - Slapshot by Johnny Oduya.
12:37 of 1st period - Deflect By Robert Nilsson.
12:37 of 1st period - Stopped by Jonathan Quick with a rebound.
12:39 of 1st period - Wrist shot by Henrik Zetterberg.
12:39 of 1st period - Stopped by Jonathan Quick with a rebound.
12:43 of 1st period - Wrist shot by Robert Nilsson.
12:43 of 1st period - Stopped by Jonathan Quick with a rebound.
13:04 of 1st period - Snap shot by Robert Nilsson.
13:04 of 1st period - Shot Misses the Net.
13:06 of 1st period - Minor Penalty to Teemu Selanne for Interference.
13:07 of 1st period - Mike Richards wins face-off versus Scott Gomez in Red Wings zone.
15:06 of 1st period - Penalty to Teemu Selanne is over, Teemu Selanne is back on ice.
15:22 of 1st period - Slapshot by Richard Jackman.
15:22 of 1st period - Deflect By Brian Sutherby.
15:22 of 1st period - Shot Blocked by Johnny Oduya.
15:22 of 1st period - Puck is out of play.
15:23 of 1st period - Shawn Horcoff wins face-off versus Dominic Moore in Blackhawks zone.
15:30 of 1st period - Snap shot by Shawn Horcoff.
15:30 of 1st period - Stopped by Roberto Luongo with a rebound.
15:41 of 1st period - Icing by Shawn Horcoff.
15:42 of 1st period - Robert Nilsson wins face-off versus Shawn Horcoff in Red Wings zone.
15:45 of 1st period - Snap shot by Henrik Zetterberg.
15:45 of 1st period - Shot Misses the Net.
15:47 of 1st period - Snap shot by Robert Nilsson.
15:47 of 1st period - Stopped by Jonathan Quick without a rebound.
15:48 of 1st period - Robert Nilsson wins face-off versus Shawn Horcoff in Red Wings zone.
15:57 of 1st period - Snap shot by Shawn Horcoff.
15:57 of 1st period - Stopped by Roberto Luongo with a rebound.
15:59 of 1st period - Wrist shot by Teemu Selanne.
15:59 of 1st period - Stopped by Roberto Luongo with a rebound.
16:01 of 1st period - Snap shot by Sean Bergenheim.
16:01 of 1st period - Stopped by Roberto Luongo without a rebound.
16:02 of 1st period - Mike Richards wins face-off versus Scott Gomez in Blackhawks zone.
16:03 of 1st period - Slapshot by Martin Havlat.
16:03 of 1st period - Shot Misses the Net.
16:05 of 1st period - Slapshot by Shea Weber.
16:05 of 1st period - Deflect By Kris Versteeg.
16:05 of 1st period - Stopped by Roberto Luongo with a rebound.
16:07 of 1st period - Slapshot by Rick Nash.
16:07 of 1st period - Stopped by Roberto Luongo with a rebound.
16:39 of 1st period - Snap shot by Teemu Selanne.
16:39 of 1st period - Goal by Teemu Selanne - Red Wings : 1 - Blackhawks : 1.
16:40 of 1st period - Scott Gomez wins face-off versus Shawn Horcoff in neutral zone.
17:19 of 1st period - Off-side.
17:20 of 1st period - Dominic Moore wins face-off versus Mike Richards in neutral zone.
17:27 of 1st period - Slapshot by Johnny Oduya.
17:27 of 1st period - Stopped by Jonathan Quick with a rebound.
17:33 of 1st period - Slapshot by Rick Nash.
17:33 of 1st period - Goal by Rick Nash - Red Wings : 2 - Blackhawks : 1.
17:34 of 1st period - Teemu Selanne wins face-off versus Scott Gomez in neutral zone.
17:36 of 1st period - Shea Weber is hit by Steve McCarthy and loses puck.
18:08 of 1st period - Snap shot by Rick Nash.
18:08 of 1st period - Stopped by Roberto Luongo without a rebound.
18:09 of 1st period - Shawn Horcoff wins face-off versus Scott Gomez in Blackhawks zone.
18:28 of 1st period - Jamie Langenbrunner is hit by Teemu Selanne and loses puck.
19:13 of 1st period - Snap shot by Robert Dome.
19:13 of 1st period - Shot Blocked by Johnny Oduya.
19:47 of 1st period - Snap shot by Shawn Horcoff.
19:47 of 1st period - Stopped by Roberto Luongo with a rebound.
19:51 of 1st period - Wrist shot by Sean Bergenheim.
19:51 of 1st period - Shot Blocked by Johnny Oduya.
19:53 of 1st period - Slapshot by Christian Backman.
19:53 of 1st period - Shot Misses the Net.
19:55 of 1st period - Snap shot by Sean Bergenheim.
19:55 of 1st period - Goal by Sean Bergenheim - Red Wings : 3 - Blackhawks : 1.
19:56 of 1st period - Shawn Horcoff wins face-off versus Steve Bernier in neutral zone.
Goals for this period are 3 for Red Wings vs 1 for Blackhawks.
Shots for this period are 15 for Red Wings vs 11 for Blackhawks.
2nd period
0:01 of 2nd period - Shawn Horcoff wins face-off versus Robert Nilsson in neutral zone.
0:29 of 2nd period - Off-side.
0:30 of 2nd period - Mike Richards wins face-off versus Scott Gomez in neutral zone.
0:39 of 2nd period - Snap shot by Martin Havlat.
0:39 of 2nd period - Stopped by Roberto Luongo without a rebound.
0:40 of 2nd period - Mike Richards wins face-off versus Kris Versteeg in Blackhawks zone.
0:48 of 2nd period - Minor Penalty to Rick Nash for Slashing.
0:49 of 2nd period - Mike Richards wins face-off versus Robert Nilsson in Red Wings zone.
1:41 of 2nd period - Brian Sutherby is hit by Robert Nilsson and loses puck.
2:48 of 2nd period - Penalty to Rick Nash is over, Rick Nash is back on ice.
3:35 of 2nd period - Minor Penalty to Christian Backman for Elbowing.
3:36 of 2nd period - Mike Richards wins face-off versus Robert Nilsson in Red Wings zone.
4:10 of 2nd period - Wrist shot by Jamie Langenbrunner.
4:10 of 2nd period - Shot Blocked by Shea Weber.
5:35 of 2nd period - Penalty to Christian Backman is over, Christian Backman is back on ice.
5:36 of 2nd period - Chris Higgins is hit by Paul Martin and loses puck.
5:53 of 2nd period - Wrist shot by Christian Backman.
5:53 of 2nd period - Stopped by Roberto Luongo with a rebound.
5:55 of 2nd period - Slapshot by Shea Weber.
5:55 of 2nd period - Shot Misses the Net.
5:57 of 2nd period - Slapshot by Paul Martin.
5:57 of 2nd period - Shot Blocked by Sheldon Keefe.
5:59 of 2nd period - Slapshot by Shea Weber.
5:59 of 2nd period - Shot Blocked by Johnny Oduya.
6:01 of 2nd period - Slapshot by Shea Weber.
6:01 of 2nd period - Deflect By Nate Thompson.
6:01 of 2nd period - Shot Misses the Net.
6:01 of 2nd period - Puck is out of play.
6:02 of 2nd period - Shawn Horcoff wins face-off versus Steve Bernier in Blackhawks zone.
6:45 of 2nd period - Michal Grosek is hit by Chris Higgins and loses puck.
7:10 of 2nd period - Jamie Langenbrunner is hit by Michal Grosek and loses puck.
7:26 of 2nd period - Icing by Robert Nilsson.
7:27 of 2nd period - Robert Nilsson wins face-off versus Shawn Horcoff in Blackhawks zone.
7:58 of 2nd period - Wrist shot by Teemu Selanne.
7:58 of 2nd period - Goal by Teemu Selanne - Red Wings : 4 - Blackhawks : 1.
7:58 of 2nd period - Jocelyn Thibault enters game.
7:59 of 2nd period - Mike Richards wins face-off versus Jamie Langenbrunner in neutral zone.
8:06 of 2nd period - Backhand shot by Rick Nash.
8:06 of 2nd period - Shot Misses the Net.
8:08 of 2nd period - Slapshot by Paul Martin.
8:08 of 2nd period - Deflect By Mike Richards.
8:08 of 2nd period - Stopped by Jocelyn Thibault with a rebound.
8:28 of 2nd period - Icing by Shawn Horcoff.
8:29 of 2nd period - Robert Nilsson wins face-off versus Shawn Horcoff in Red Wings zone.
8:32 of 2nd period - Wrist shot by Steve Bernier.
8:32 of 2nd period - Stopped by Jonathan Quick without a rebound.
8:33 of 2nd period - Robert Nilsson wins face-off versus Mike Richards in Red Wings zone.
9:06 of 2nd period - Snap shot by Shea Weber.
9:06 of 2nd period - Shot Misses the Net.
9:08 of 2nd period - Snap shot by Shawn Horcoff.
9:08 of 2nd period - Stopped by Jocelyn Thibault without a rebound.
9:09 of 2nd period - Mike Richards wins face-off versus Scott Gomez in Blackhawks zone.
9:10 of 2nd period - Wrist shot by Martin Havlat.
9:10 of 2nd period - Stopped by Jocelyn Thibault with a rebound.
9:16 of 2nd period - Wrist shot by Rick Nash.
9:16 of 2nd period - Stopped by Jocelyn Thibault without a rebound.
9:17 of 2nd period - Mike Richards wins face-off versus Scott Gomez in Blackhawks zone.
9:32 of 2nd period - Snap shot by Mike Richards.
9:32 of 2nd period - Stopped by Jocelyn Thibault without a rebound.
9:33 of 2nd period - Shawn Horcoff wins face-off versus Robert Nilsson in Blackhawks zone.
9:36 of 2nd period - Wrist shot by Shawn Horcoff.
9:36 of 2nd period - Shot Blocked by Johnny Oduya.
10:24 of 2nd period - Brian Sutherby is hit by Chris Higgins and loses puck.
10:44 of 2nd period - Minor Penalty to John Carlson for Hooking.
10:45 of 2nd period - Dominic Moore wins face-off versus Mike Richards in Blackhawks zone.
10:49 of 2nd period - Backhand shot by Steve McCarthy.
10:49 of 2nd period - Stopped by Jonathan Quick without a rebound.
10:50 of 2nd period - Mike Richards wins face-off versus Dominic Moore in Red Wings zone.
11:19 of 2nd period - Dominic Moore is hit by Shea Weber and loses puck.
12:03 of 2nd period - Slapshot by Chris Campoli.
12:03 of 2nd period - Stopped by Jonathan Quick with a rebound.
12:21 of 2nd period - Martin Havlat is hit by Oleg Kvasha and loses puck.
12:30 of 2nd period - Wrist shot by Oleg Kvasha.
12:30 of 2nd period - Stopped by Jonathan Quick without a rebound.
12:31 of 2nd period - Shawn Horcoff wins face-off versus Dominic Moore in Red Wings zone.
12:44 of 2nd period - Penalty to John Carlson is over, John Carlson is back on ice.
12:50 of 2nd period - Slapshot by Jamie Langenbrunner.
12:50 of 2nd period - Deflect By John Carlson.
12:50 of 2nd period - Shot Blocked by Richard Jackman.
12:50 of 2nd period - Puck is out of play.
12:51 of 2nd period - Robert Nilsson wins face-off versus Brian Sutherby in Red Wings zone.
13:08 of 2nd period - Henrik Zetterberg is hit by Brian Sutherby and loses puck.
13:38 of 2nd period - Wrist shot by Daniel Carcillo.
13:38 of 2nd period - Shot Misses the Net.
13:40 of 2nd period - Slapshot by John Carlson.
13:40 of 2nd period - Stopped by Jonathan Quick with a rebound.
13:42 of 2nd period - Slapshot by Niclas Wallin.
13:42 of 2nd period - Shot Misses the Net.
13:44 of 2nd period - Snap shot by Jamie Langenbrunner.
13:44 of 2nd period - Deflect By Scott Gomez.
13:44 of 2nd period - Shot Misses the Net.
13:44 of 2nd period - Puck is out of play.
13:45 of 2nd period - Scott Gomez wins face-off versus Mike Richards in Red Wings zone.
13:56 of 2nd period - Wrist shot by Martin Havlat.
13:56 of 2nd period - Shot Misses the Net.
14:19 of 2nd period - Wrist shot by Robert Nilsson.
14:19 of 2nd period - Shot Blocked by Richard Jackman.
14:21 of 2nd period - Wrist shot by Robert Nilsson.
14:21 of 2nd period - Stopped by Jonathan Quick without a rebound.
14:22 of 2nd period - Scott Gomez wins face-off versus Mike Richards in Red Wings zone.
14:27 of 2nd period - Snap shot by Kris Versteeg.
14:27 of 2nd period - Shot Misses the Net.
14:29 of 2nd period - Slapshot by Scott Gomez.
14:29 of 2nd period - Shot Blocked by Mike Richards.
14:31 of 2nd period - Slapshot by Chris Campoli.
14:31 of 2nd period - Shot Misses the Net.
14:33 of 2nd period - Snap shot by Jeff Schultz.
14:33 of 2nd period - Shot Blocked by Richard Jackman.
14:43 of 2nd period - Minor Penalty to Scott Gomez for Hooking.
14:44 of 2nd period - Mike Richards wins face-off versus Dominic Moore in Blackhawks zone.
14:54 of 2nd period - Off-side.
14:55 of 2nd period - Jamie Langenbrunner wins face-off versus Rick Nash in neutral zone.
16:43 of 2nd period - Penalty to Scott Gomez is over, Scott Gomez is back on ice.
17:10 of 2nd period - Wrist shot by Scott Gomez.
17:10 of 2nd period - Stopped by Jonathan Quick with a rebound.
17:12 of 2nd period - Slapshot by Chris Higgins.
17:12 of 2nd period - Stopped by Jonathan Quick with a rebound.
17:20 of 2nd period - Slapshot by Maxim Kondratiev.
17:20 of 2nd period - Stopped by Jocelyn Thibault with a rebound.
17:53 of 2nd period - Slapshot by Chris Higgins.
17:53 of 2nd period - Stopped by Jonathan Quick without a rebound.
17:54 of 2nd period - Mike Richards wins face-off versus Robert Nilsson in Red Wings zone.
18:11 of 2nd period - Wrist shot by Robert Nilsson.
18:11 of 2nd period - Stopped by Jonathan Quick with a rebound.
18:34 of 2nd period - Shea Weber is hit by Sheldon Keefe and loses puck.
18:51 of 2nd period - Snap shot by Mike Brown.
18:51 of 2nd period - Shot Misses the Net.
18:53 of 2nd period - Slapshot by Robert Dome.
18:53 of 2nd period - Deflect By Brian Sutherby.
18:53 of 2nd period - Stopped by Jocelyn Thibault without a rebound.
18:54 of 2nd period - Shawn Horcoff wins face-off versus Oleg Kvasha in Blackhawks zone.
18:55 of 2nd period - Slapshot by Teemu Selanne.
18:55 of 2nd period - Deflect By Shawn Horcoff.
18:55 of 2nd period - Shot Misses the Net.
18:55 of 2nd period - Puck is out of play.
18:56 of 2nd period - Robert Nilsson wins face-off versus Sean Bergenheim in Blackhawks zone.
19:53 of 2nd period - Slapshot by Shawn Horcoff.
19:53 of 2nd period - Stopped by Jocelyn Thibault with a rebound.
Goals for this period are 1 for Red Wings vs 0 for Blackhawks.
Shots for this period are 11 for Red Wings vs 10 for Blackhawks.
3rd period
0:01 of 3rd period - Shawn Horcoff wins face-off versus Robert Nilsson in neutral zone.
0:10 of 3rd period - Slapshot by Johnny Oduya.
0:10 of 3rd period - Deflect By Paul Martin.
0:10 of 3rd period - Stopped by Jonathan Quick without a rebound.
0:11 of 3rd period - Robert Nilsson wins face-off versus Mike Richards in Red Wings zone.
0:14 of 3rd period - Wrist shot by Robert Nilsson.
0:14 of 3rd period - Stopped by Jonathan Quick with a rebound.
0:38 of 3rd period - Snap shot by Dominic Moore.
0:38 of 3rd period - Stopped by Jonathan Quick without a rebound.
0:39 of 3rd period - Dominic Moore wins face-off versus Shawn Horcoff in Red Wings zone.
0:45 of 3rd period - Off-side.
0:46 of 3rd period - Shawn Horcoff wins face-off versus Robert Nilsson in neutral zone.
0:49 of 3rd period - Jeff Schultz is hit by Richard Jackman and loses puck.
0:53 of 3rd period - Icing by Henrik Zetterberg.
0:54 of 3rd period - Rick Nash wins face-off versus Robert Nilsson in Blackhawks zone.
1:14 of 3rd period - Off-side.
1:15 of 3rd period - Shawn Horcoff wins face-off versus Jamie Langenbrunner in neutral zone.
1:18 of 3rd period - Steve McCarthy is hit by Sean Bergenheim and loses puck.
1:25 of 3rd period - Teemu Selanne is hit by Kris Versteeg and loses puck.
1:49 of 3rd period - Backhand shot by Robert Nilsson.
1:49 of 3rd period - Stopped by Jonathan Quick without a rebound.
1:50 of 3rd period - Martin Havlat wins face-off versus Scott Gomez in Red Wings zone.
1:55 of 3rd period - Snap shot by Martin Havlat.
1:55 of 3rd period - Stopped by Jocelyn Thibault without a rebound.
1:56 of 3rd period - Mike Richards wins face-off versus Scott Gomez in Blackhawks zone.
2:41 of 3rd period - Wrist shot by Robert Nilsson.
2:41 of 3rd period - Stopped by Jonathan Quick without a rebound.
2:42 of 3rd period - Robert Nilsson wins face-off versus Brian Sutherby in Red Wings zone.
3:08 of 3rd period - Slapshot by Shawn Horcoff.
3:08 of 3rd period - Shot Blocked by Jeff Schultz.
3:33 of 3rd period - Icing by Jeff Schultz.
3:34 of 3rd period - Rick Nash wins face-off versus Dominic Moore in Blackhawks zone.
3:46 of 3rd period - Slapshot by Dominic Moore.
3:46 of 3rd period - Shot Blocked by Shea Weber.
3:48 of 3rd period - Snap shot by Chris Higgins.
3:48 of 3rd period - Shot Blocked by Shea Weber.
3:50 of 3rd period - Slapshot by Dominic Moore.
3:50 of 3rd period - Shot Misses the Net.
3:52 of 3rd period - Wrist shot by Chris Higgins.
3:52 of 3rd period - Shot Hit the Post.
4:01 of 3rd period - Off-side.
4:02 of 3rd period - Robert Nilsson wins face-off versus Shawn Horcoff in neutral zone.
4:07 of 3rd period - Teemu Selanne is hit by Johnny Oduya and loses puck.
4:53 of 3rd period - Mike Brown is hit by Chris Higgins.
4:59 of 3rd period - Snap shot by Mike Brown.
4:59 of 3rd period - Stopped by Jocelyn Thibault without a rebound.
5:00 of 3rd period - Dominic Moore wins face-off versus Shawn Horcoff in Blackhawks zone.
5:07 of 3rd period - Wrist shot by Chris Higgins.
5:07 of 3rd period - Deflect By Dominic Moore.
5:07 of 3rd period - Shot Misses the Net.
5:07 of 3rd period - Puck is out of play.
5:08 of 3rd period - Robert Nilsson wins face-off versus Shawn Horcoff in Red Wings zone.
6:41 of 3rd period - Henrik Zetterberg is hit by Shawn Horcoff and loses puck.
8:05 of 3rd period - Snap shot by Sheldon Keefe.
8:05 of 3rd period - Stopped by Jonathan Quick with a rebound.
8:20 of 3rd period - Icing by Steve McCarthy.
8:21 of 3rd period - Shawn Horcoff wins face-off versus Robert Nilsson in Blackhawks zone.
8:42 of 3rd period - Steve McCarthy is hit by Teemu Selanne.
8:51 of 3rd period - Off-side.
8:52 of 3rd period - Brian Sutherby wins face-off versus Scott Gomez in neutral zone.
9:01 of 3rd period - Jamie Langenbrunner is hit by Mike Brown.
9:07 of 3rd period - Slapshot by Chris Campoli.
9:07 of 3rd period - Stopped by Jonathan Quick with a rebound.
9:10 of 3rd period - Icing by Mike Brown.
9:11 of 3rd period - Brian Sutherby wins face-off versus Robert Nilsson in Red Wings zone.
9:11 of 3rd period - Brian Sutherby is hit by Steve McCarthy.
9:16 of 3rd period - Icing by Maxim Kondratiev.
9:17 of 3rd period - Robert Nilsson wins face-off versus Brian Sutherby in Red Wings zone.
9:32 of 3rd period - Wrist shot by Mike Brown.
9:32 of 3rd period - Stopped by Jocelyn Thibault with a rebound.
9:34 of 3rd period - Wrist shot by Mike Brown.
9:34 of 3rd period - Goal by Mike Brown - Red Wings : 5 - Blackhawks : 1.
9:35 of 3rd period - Robert Nilsson wins face-off versus Shawn Horcoff in neutral zone.
10:20 of 3rd period - Snap shot by Mike Brown.
10:20 of 3rd period - Stopped by Jocelyn Thibault without a rebound.
10:21 of 3rd period - Dominic Moore wins face-off versus Brian Sutherby in Blackhawks zone.
10:29 of 3rd period - Jeff Schultz beats up Shea Weber.
10:29 of 3rd period - Penalty to Jeff Schultz for Fighting.
10:29 of 3rd period - Penalty to Shea Weber for Fighting.
10:30 of 3rd period - Robert Nilsson wins face-off versus Shawn Horcoff in Red Wings zone.
10:53 of 3rd period - Icing by Steve Bernier.
10:54 of 3rd period - Scott Gomez wins face-off versus Mike Richards in Blackhawks zone.
11:23 of 3rd period - Martin Havlat beats up Chris Campoli.
11:23 of 3rd period - Penalty to Chris Campoli for Fighting.
11:23 of 3rd period - Penalty to Martin Havlat for Fighting.
11:24 of 3rd period - Robert Nilsson wins face-off versus Shawn Horcoff in Blackhawks zone.
11:29 of 3rd period - Slapshot by Steve McCarthy.
11:29 of 3rd period - Stopped by Jonathan Quick without a rebound.
11:30 of 3rd period - Robert Nilsson wins face-off versus Shawn Horcoff in Red Wings zone.
12:06 of 3rd period - Slapshot by Sean Bergenheim.
12:06 of 3rd period - Stopped by Jocelyn Thibault with a rebound.
12:08 of 3rd period - Slapshot by Maxim Kondratiev.
12:08 of 3rd period - Stopped by Jocelyn Thibault with a rebound.
13:04 of 3rd period - Snap shot by Teemu Selanne.
13:04 of 3rd period - Stopped by Jocelyn Thibault without a rebound.
13:05 of 3rd period - Mike Richards wins face-off versus Scott Gomez in Blackhawks zone.
13:11 of 3rd period - Minor Penalty to John Carlson for Hooking.
13:12 of 3rd period - Dominic Moore wins face-off versus Mike Richards in Blackhawks zone.
13:18 of 3rd period - Icing by Rick Nash.
13:19 of 3rd period - Mike Richards wins face-off versus Dominic Moore in Red Wings zone.
13:19 of 3rd period - Mike Richards is hit by Dominic Moore.
13:55 of 3rd period - Lee Stempniak is hit by Steve McCarthy.
14:58 of 3rd period - Niclas Wallin is hit by Mike Richards and loses puck.
15:11 of 3rd period - Penalty to John Carlson is over, John Carlson is back on ice.
15:13 of 3rd period - Wrist shot by Mike Richards.
15:13 of 3rd period - Stopped by Jocelyn Thibault without a rebound.
15:14 of 3rd period - Shawn Horcoff wins face-off versus Robert Nilsson in Blackhawks zone.
15:22 of 3rd period - Henrik Zetterberg and Teemu Selanne fight to a draw.
15:22 of 3rd period - Penalty to Henrik Zetterberg for Fighting.
15:22 of 3rd period - Penalty to Teemu Selanne for Fighting.
15:23 of 3rd period - Scott Gomez wins face-off versus Shawn Horcoff in Red Wings zone.
15:38 of 3rd period - Wrist shot by Scott Gomez.
15:38 of 3rd period - Stopped by Jonathan Quick without a rebound.
15:39 of 3rd period - Shawn Horcoff wins face-off versus Dominic Moore in Red Wings zone.
16:15 of 3rd period - Snap shot by Kris Versteeg.
16:15 of 3rd period - Deflect By Scott Gomez.
16:15 of 3rd period - Shot Blocked by Mike Brown.
16:15 of 3rd period - Puck is out of play.
16:16 of 3rd period - Robert Nilsson wins face-off versus Shawn Horcoff in Red Wings zone.
16:29 of 3rd period - Wrist shot by Robert Nilsson.
16:29 of 3rd period - Shot Blocked by Maxim Kondratiev.
17:05 of 3rd period - Slapshot by Richard Jackman.
17:05 of 3rd period - Stopped by Jocelyn Thibault with a rebound.
17:37 of 3rd period - Dominic Moore is hit by Lee Stempniak and loses puck.
17:56 of 3rd period - Robert Nilsson is hit by Paul Martin and loses puck.
18:19 of 3rd period - Minor Penalty to Kris Versteeg for Tripping.
18:20 of 3rd period - Mike Richards wins face-off versus Dominic Moore in Blackhawks zone.
18:28 of 3rd period - Slapshot by Maxim Kondratiev.
18:28 of 3rd period - Shot Blocked by Steve McCarthy.
18:32 of 3rd period - Snap shot by Martin Havlat.
18:32 of 3rd period - Shot Misses the Net.
18:58 of 3rd period - Scott Gomez is hit by Sean Bergenheim and loses puck.
19:41 of 3rd period - Slapshot by Chris Campoli.
19:41 of 3rd period - Deflect By Chris Higgins.
19:41 of 3rd period - Stopped by Jonathan Quick without a rebound.
19:42 of 3rd period - Martin Havlat wins face-off versus Oleg Kvasha in Red Wings zone.
Goals for this period are 1 for Red Wings vs 0 for Blackhawks.
Shots for this period are 10 for Red Wings vs 10 for Blackhawks.
Output by the SimonT Hockey Simulator (STHS) for François Prévost -- Original Page W3C XHTML 1.0 Valid